 Dungeon Crawl Stone Soup version 0.32-a0-607-g64ea0e4219 (webtiles) character file.

Game seed: 3651830876167177863

8986 cforsyth the Merchant of Misery (level 11, -1/102 HPs)
             Began as a Mountain Dwarf Necromancer on Mar 4, 2024.
             Was a Believer of Kikubaaqudgha.
             Succumbed to Sonja's poison
             ... on level 11 of the Dungeon.
             The game lasted 00:26:58 (17343 turns).

cforsyth the Merchant of Misery (MDNe)             Turns: 17343, Time: 00:26:59

Health: -1/102     AC: 16    Str: 14    XL:     11   Next: 17%
Magic:  22/22      EV:  5    Int: 17    God:    Kikubaaqudgha [**....]
Gold:   536        SH:  0    Dex: 10    Spells: 8/13 levels left

rFire   + . .        j - +0 broad axe
rCold   . . .        (no shield)
rNeg    . . .        o - +0 plate armour
rPois   .            r - +0 helmet
rElec   .            B - +0 cloak
rCorr   .            (no gloves)
SInv    .            (no boots)
Will    +....        (no amulet) Stlth
                     M - ring of magical power
HPRegen 0.37/turn    F - ring of protection from fire
MPRegen 0.18/turn

%: no passive effects
@: lethally poisoned (-1 -> -19)
A: runic magic, artefact enchanting
a: Renounce Religion, Unearth Wretches


You were on level 11 of the Dungeon.
You worshipped Kikubaaqudgha.
Kikubaaqudgha was pleased with you.
You visited 2 branches of the dungeon, and saw 12 of its levels.

You collected 536 gold pieces.


Innate Abilities, Weirdness & Mutations

Your spellcasting is much less encumbered by armour.
You can use scrolls of enchantment on lesser artefacts.


   Skills:
 - Level 11.0 Fighting
 * Level 3.3 Axes
 - Level 7.4 Armour
 - Level 1.3 Dodging
 - Level 1.4 Stealth
 - Level 1.7 Spellcasting
 - Level 13.9 Necromancy


You had 8 spell levels left.
You knew the following spells:

 Your Spells              Type           Power      Damage    Failure   Level
a - Animate Dead          Necr           48%        N/A       1%          4
X - Necrotise             Necr           100%       1d9       1%          1

Your spell library contained the following spells:

 Spells                   Type           Power      Damage    Failure   Level
 Vampiric Draining        Necr           48%        2d9       1%          3
 Curse of Agony           Necr           48%        N/A       4%          5
 Cigotuvi's Dreadful Rot  Necr/Alch/Air  34%        N/A       13%         2
 Foxfire                  Conj/Fire      4%         2x1d4     50%         1
 Shock                    Conj/Air       4%         1d3       50%         1
 Sting                    Conj/Alch      4%         1d3       50%         1
 Mercury Vapours          Alch/Air       2%         N/A       63%         2
 Static Discharge         Conj/Air       2%         3-4/arc   63%         2
 Swiftness                Air            1%         N/A       86%         3
 Airstrike                Air            0%         2d(1-17)  99%         4
 Ignite Poison            Fire/Alch      1%         N/A       99%         4
 Leda's Liquefaction      Alch/Erth      0%         N/A       99%         4
 Olgreb's Toxic Radiance  Alch           1%         N/A       99%         4
 Summon Lightning Spire   Summ/Air       1%         N/A       99%         4
 Freezing Cloud           Conj/Ice/Air   0%         6-21      100%        5
 Lee's Rapid Deconstruct  Erth           0%         3d4*      100%        5
 Bombard                  Conj/Erth      0%         9d1       100%        6
 Plasma Beam              Fire/Air       0%         2x1d10    100%        6
 Starburst                Conj/Fire      0%         6d3       100%        6

Inventory:

Hand Weapons
 g - a +4 dagger of venom
 j - a +0 broad axe (weapon)
 y - a +3 whip of pain
Armour
 o - a +0 plate armour (worn)
 r - a +0 helmet (worn)
 x - a +2 ring mail of cold resistance
 B - a +0 cloak (worn)
 D - a +0 pair of boots
Jewellery
 F - a ring of protection from fire (right hand)
 M - a ring of magical power (left hand)
 R - a ring of resist corrosion
 Z - a ring of wizardry
Wands
 t - a wand of flame (19)
 u - a wand of mindburst (11)
 A - a wand of polymorph (5)
 C - a wand of charming (5)
Scrolls
 a - a scroll of noise
 c - 2 scrolls of enchant weapon
 d - 2 scrolls of revelation
 e - a scroll of torment
 f - a scroll of identify {@r1}
 h - a scroll of summoning
 i - 2 scrolls of blinking
 k - a scroll of fog
 l - a scroll of amnesia
 m - 2 scrolls of poison
 p - a scroll of teleportation {@r2}
 q - 2 scrolls of immolation
 s - a scroll of enchant armour
Potions
 b - 2 potions of magic
 n - 4 potions of mutation
 v - a potion of enlightenment
 w - a potion of resistance
 z - a potion of haste {@q3}
 E - 2 potions of cancellation

Dungeon Overview and Level Annotations

Branches:
Dungeon (11/15)            Temple (1/1) D:7            Lair (0/5) D:8
    Orc (0/2) D:11

Altars:
Ashenzari
Cheibriados
Dithmenos
Elyvilon
Fedhas
Gozag
Hepliaklqana
Kikubaaqudgha
Makhleb
Nemelex Xobeh
Okawaru
Qazlal
Ru
Sif Muna
Trog
Uskayaw
Vehumet
Wu Jian
Xom
Yredelemnul
Zin
The Shining One
Beogh

Shops:
D:10 (

Annotations:
D:5 Menkaure
D:11 Sonja

#.......#
#.......###
##+###....#
...#....#
..#....#
#.#....#####
#.##.(.....#
#..'.......#
#Z@#.......#
#ZZ#.......#
#Z.#########
#.K.......
#.........
#.........
#.........
##########


You could see Sonja (ally target) and 4 friendly yak zombies.


Message History

Sonja hits your acid dragon zombie with a +1 short sword of venom. x2
Your acid dragon zombie closely misses Sonja.
Your acid dragon zombie misses Sonja.
Your yak zombie misses Sonja.
Unknown command.
Unknown command.
Unknown command.
Unknown command.
* * * LOW HITPOINT WARNING * * *
You feel very sick.
Sonja hits your acid dragon zombie with a +1 short sword of venom. x2
Your acid dragon zombie is destroyed!
Sonja throws a curare-tipped dart.
The curare-tipped dart hits your yak zombie.
Your yak zombie misses Sonja.
Unknown command.
Unknown command.
Unknown command.
Unknown command.
Unknown command.
Unknown command.
Okay, then.
Unknown command.
Okay, then.
Unknown command.
Press: ? - help, v - describe, . - travel
Here: Sonja, wielding a +1 short sword of venom and quivering curare-tipped darts (moderately wounded, ally target)
The floor, spattered with blood.
Unknown command.
You die...
Kikubaaqudgha rasps: You have failed me!
Welcome... death!

Skill      XL: |  1  2  3  4  5  6  7  8  9 10 11 |
---------------+----------------------------------+-----
Fighting       | 1 2 3 4 5 7 9 11 | 11.0
Necromancy     | 5 6 7 8 10 12 13 | 13.9
Armour         | 1 7 |  7.4
Axes           | 3 |  3.3
Dodging        | |  1.3
Stealth        | |  1.4
Spellcasting   | |  1.7

Action                     |  1- 3 |  4- 6 |  7- 9 | 10-12 || total
---------------------------+-------+-------+-------+-------++-------
  Melee: Unarmed           |    21 |       |       |       ||    21
         Dagger            |     8 |     9 |    39 |   131 ||   187
         Broad axe         |       |       |       |    20 ||    20
   Cast: Necrotise         |    61 |   117 |   402 |   141 ||   721
         Animate Dead      |       |       |       |     3 ||     3
  Evoke: Wand              |       |       |     3 |    12 ||    15
    Use: Potion            |       |       |     2 |     4 ||     6
         Scroll            |       |       |       |    19 ||    19
 Armour: Robe              |    37 |    14 |       |       ||    51
         Plate armour      |       |    38 |   321 |   376 ||   735
  Dodge: Dodged            |    29 |    22 |    56 |    53 ||   160

Levels and vault maps discovered:
D:1:      minmay_arrival_up_and_down, layout_loops_ring,
          shapermc_ecumenical_altar_starsandcircs
D:2:      layout_loops_ring, serial_rivers, chequers_serial_rivers_micro_a,
          chequers_serial_rivers_marsh, chequers_serial_rivers_large_b,
          chequers_serial_rivers_marsh, chequers_serial_rivers_micro_b,
          chequers_serial_rivers_room_b, grunt_decor_junction
D:3:      layout_rooms, serial_co_window_serial, co_window_paths_b,
          co_window_corner_a, co_window_paths_a, co_window_paths_b,
          co_window_paths_a, co_window_corner_b, co_window_unsneaky_path_e,
          co_window_corner_b, co_window_paths_c, co_window_cross_3,
          co_window_of_opportunity_b, co_window_2corner, minmay_fountain_box,
          nrook_mini_vaults, uniq_terence
D:4:      layout_basic
D:5:      layout_layer_cave, uniq_menkaure
D:6:      layout_basic, uniq_prince_ribbit1
D:7:      layout_gridville, minmay_temple_entry_statues
D:8:      layout_loops_ring, lair_entry_dummy, lightli_church_of_beogh,
          uniq_maurice
D:9:      layout_loops_cross, kennysheep_slug_shrine,
          mainiacjoe_overflow_chevrons, grunt_temple_overflow_open,
          supply_closet_lemuel, minmay_statues_item
D:10:     layout_roguey, serial_shops, nicolae_shop_real_fake_doors,
          minmay_curled_crystal, kennysheep_generic_room_3
D:11:     layout_gridville, minmay_orc_entry_temple_small, uniq_sonja
Temple:   compressed_dpeg_circular_temple

Notes
Turn   | Place    | Note
-------+----------+-------------------------------------------
     0 | D:1      | cforsyth the Mountain Dwarf Necromancer began the quest for
                  | the Orb.
     0 | D:1      | Reached XP level 1. HP: 14/14 MP: 3/3
   154 | D:1      | Reached skill level 1 in Fighting
   252 | D:1      | Reached XP level 2. HP: 23/23 MP: 1/4
   441 | D:1      | Found a faded altar of an unknown god.
   976 | D:1      | Reached skill level 2 in Fighting
  1013 | D:1      | Reached XP level 3. HP: 29/29 MP: 2/5
  1067 | D:1      | Reached skill level 5 in Necromancy
  1443 | D:2      | Reached XP level 4. HP: 33/37 MP: 0/6
  1825 | D:2      | Reached skill level 3 in Fighting
  2356 | D:3      | Noticed Terence
  2637 | D:3      | Killed Terence
  2741 | D:3      | Noticed a scorpion
  2745 | D:3      | Killed a scorpion
  2746 | D:3      | Reached skill level 6 in Necromancy
  2746 | D:3      | Reached XP level 5. HP: 44/46 MP: 7/7
  3515 | D:4      | Reached skill level 4 in Fighting
  3709 | D:4      | Reached XP level 6. HP: 30/53 MP: 8/8
  4033 | D:4      | Reached skill level 5 in Fighting
  4268 | D:3      | Reached skill level 7 in Necromancy
  4569 | D:5      | Entered Level 5 of the Dungeon
  4653 | D:5      | Reached XP level 7. HP: 61/61 MP: 9/9
  4722 | D:5      | Noticed Menkaure
  5127 | D:5      | Reached skill level 6 in Fighting
  6344 | D:6      | Reached skill level 8 in Necromancy
  6584 | D:6      | Reached skill level 7 in Fighting
  6584 | D:6      | Reached XP level 8. HP: 18/73 MP: 10/10
  7542 | D:7      | Reached skill level 9 in Necromancy
  8028 | D:7      | Reached skill level 8 in Fighting
  8202 | D:6      | Noticed Prince Ribbit
  8213 | D:6      | Killed Prince Ribbit
  9150 | D:5      | Reached skill level 10 in Necromancy
  9196 | D:5      | Reached skill level 9 in Fighting
  9244 | D:5      | Learned a level 4 spell: Animate Dead
  9472 | D:5      | Reached XP level 9. HP: 83/83 MP: 11/11
  9827 | D:7      | Identified the +5 leather armour of Conynt {Int+3}
 10048 | D:7      | Found a staircase to the Ecumenical Temple.
 10203 | Temple   | Entered the Ecumenical Temple
 10212 | Temple   | Became a worshipper of Kikubaaqudgha
 10790 | D:8      | Found a staircase to the Lair.
 11467 | D:8      | Reached skill level 10 in Fighting
 11467 | D:8      | Reached skill level 11 in Necromancy
 12081 | D:8      | Noticed Maurice
 12310 | D:8      | Killed Maurice
 12630 | D:8      | Reached skill level 11 in Fighting
 12925 | D:8      | Found a runed translucent door.
 13088 | D:8      | Reached skill level 1 in Armour
 13231 | D:8      | Reached * piety under Kikubaaqudgha
 13231 | D:8      | Received a gift from Kikubaaqudgha
 13232 | D:8      | Reached skill level 12 in Necromancy
 13232 | D:8      | Reached XP level 10. HP: 86/95 MP: 12/12
 13392 | D:8      | Found a roughly hewn altar of Beogh.
 13445 | D:9      | Found a sparkling altar of Nemelex Xobeh.
 13445 | D:9      | Found a hazy altar of Hepliaklqana.
 13451 | D:9      | Identified a potion of resistance
 13729 | D:9      | Reached skill level 2 in Armour
 13991 | D:9      | Reached skill level 3 in Armour
 14511 | D:9      | Found a blossoming altar of Fedhas.
 14552 | D:9      | Reached skill level 4 in Armour
 14881 | D:9      | Found a snail-covered altar of Cheibriados.
 15050 | D:9      | Reached ** piety under Kikubaaqudgha
 15059 | D:9      | Reached skill level 5 in Armour
 15322 | D:10     | Entered Level 10 of the Dungeon
 15369 | D:10     | Paralysed by a hornet for 2 turns
 15372 | D:10     | Reached skill level 13 in Necromancy
 15710 | D:10     | Reached skill level 6 in Armour
 15769 | D:10     | Noticed a gargoyle
 15782 | D:10     | Killed a gargoyle
 15884 | D:10     | HP: 7/95 [vampire mosquito (7)]
 15887 | D:10     | Reached skill level 7 in Armour
 16156 | D:10     | Reached XP level 11. HP: 82/102 MP: 13/13
 16725 | D:10     | Found Umahashro's Antique Weapon Shop.
 17055 | D:11     | Found a staircase to the Orcish Mines.
 17174 | D:11     | Reached skill level 1 in Axes
 17179 | D:11     | Reached skill level 2 in Axes
 17186 | D:11     | Reached skill level 3 in Axes
 17331 | D:11     | Noticed Sonja
 17341 | D:11     | HP: 8/102 [poisoned by Sonja]
 17342 | D:11     | HP: 2/102 [poisoned by Sonja]
 17343 | D:11     | Succumbed to Sonja's poison

Vanquished Creatures
  Maurice (D:8)
  An unseen horror (D:10)
  3 trolls
  Prince Ribbit (D:6)
  A hornet (D:10)
  A shadow (D:10)
  9 yaks
  A vampire mosquito (D:10)
  A steam dragon (D:8)
  2 acid dragons
  3 water moccasins
  A sky beast (D:8)
  A black bear (D:5)
  3 orc warriors
  3 ice beasts
  An ogre (D:7)
  A centaur (D:9)
  4 scorpions
  3 wights (D:9)
  6 killer bees
  2 howler monkeys (D:8)
  A jelly (D:6)
  2 bombardier beetles
  A hound (D:5)
  12 orc priests
  A gnoll bouda (D:7)
  3 sleepcaps
  Terence (D:3)
  7 iguanas
  14 orc wizards
  10 gnolls
  11 adders
  A shadow imp (D:7)
  A white imp (D:8)
  2 ufetubi (D:7)
  6 dart slugs
  A ribbon worm (D:5)
  38 orcs
  8 endoplasms
  3 giant cockroaches
  6 goblins
  6 hobgoblins
  2 jackals (D:5)
  2 quokkas (D:1)
  5 ball pythons
  4 bats
  3 frilled lizards
  8 kobolds
  6 rats
214 creatures vanquished.

Vanquished Creatures (collateral kills)
  A gargoyle (D:10)
  A troll (D:10)
  A wraith (D:9)
  6 yaks
  3 vampire mosquitoes (D:10)
  An acid dragon (D:11)
  A kobold brigand (D:10)
  A gnoll (D:7)
  3 orcs
  A frilled lizard (D:2)
  2 kobolds (D:10)
21 creatures vanquished.

Vanquished Creatures (others)
  2 yak zombies (D:10)
  A killer bee zombie (D:9)
  An acid dragon zombie (D:11)
4 creatures vanquished.

Grand Total: 239 creatures vanquished

Table legend: (Time is in decaauts)
 A = Elapsed time spent in this place.
 B = Non-inter-level travel time spent in this place.
 C = Inter-level travel time spent in this place.
 D = Time resting spent in this place.
 E = Time spent auto-exploring this place.
 F = Levels seen in this place.
 G = Mean time per level.
                   A        B        C        D        E       F      G
               +--------+--------+--------+--------+--------+-----+--------+
         Total |  17421 |  16851 |    570 |   3358 |  10883 |  12 | 1451.8 |
       Dungeon |  17402 |  16850 |    552 |   3358 |  10883 |  11 | 1582.0 |
        Temple |     18 |      1 |     17 |      0 |      0 |   1 |   18.0 |
               +--------+--------+--------+--------+--------+-----+--------+

Top non-repeatable levels by time:
     D:7: 2417 daAuts
     D:6: 2288 daAuts
     D:5: 2148 daAuts
     D:8: 1806 daAuts
    D:10: 1736 daAuts
     D:9: 1702 daAuts
     D:4: 1459 daAuts
     D:1: 1215 daAuts
     D:2: 1207 daAuts
     D:3: 1123 daAuts
    D:11: 297 daAuts
  Temple: 18 daAuts

Table legend:
 A = Non-vault XP
 B = Vault XP
 C = Vault XP percentage of total XP
 D = Non-vault monster count
 E = Vault monster count
 F = Vault count percentage of total count
                 A         B        C        D         E       F
            +---------+---------+-------+---------+---------+-------
      Total |   11476 |    1362 |  10.6 |     210 |      25 |  10.6
            +---------+---------+-------+---------+---------+-------
        D:1 |      43 |       0 |   0.0 |      24 |       0 |   0.0
        D:2 |     105 |       0 |   0.0 |      22 |       0 |   0.0
        D:3 |     127 |      36 |  22.1 |       7 |       1 |  12.5
        D:4 |     352 |       0 |   0.0 |      18 |       0 |   0.0
        D:5 |     571 |       0 |   0.0 |      23 |       0 |   0.0
        D:6 |    1109 |     274 |  19.8 |      29 |       1 |   3.3
        D:7 |    1157 |       0 |   0.0 |      17 |       0 |   0.0
        D:8 |    1310 |     678 |  34.1 |      21 |      20 |  48.8
        D:9 |    2357 |       4 |   0.2 |      19 |       1 |   5.0
       D:10 |    3400 |     367 |   9.7 |      25 |       1 |   3.8
       D:11 |     945 |       3 |   0.3 |       5 |       1 |  16.7
            +---------+---------+-------+---------+---------+-------
